BOSTON Bruins vs WINNIPEG Jets

Created - 29 février 2024 at 16:11

Goals
1 2 3 T
BOSTON Bruins 2 2 2 6
WINNIPEG Jets 2 0 1 3
Shots
1 2 3 T
BOSTON Bruins 11 18 12 41
WINNIPEG Jets 14 7 6 27

1st period

1. WINNIPEG Jets , Jaden Schwartz 4 (Trevor van Riemsdyk 12) at 12:16
2. BOSTON Bruins , Matt Dumba 7 (Joel Eriksson Ek 16) at 13:56
3. BOSTON Bruins , Bo Horvat 13 (Adrian Kempe 13, Andrew Peeke 7) at 14:34
4. WINNIPEG Jets , Evan Bouchard 10 (Brandon Hagel 18, Rasmus Dahlin 18) at 14:53

Penalties :
Clayton Keller (WPG) for High sticking (Minor) at 0:40, Adrian Kempe (BOS) for Slashing (Minor) at 9:52, Travis Sanheim (WPG) for Roughing (Minor) at 15:47, Matt Dumba (BOS) for Hooking (Minor) at 18:35

2nd period

5. BOSTON Bruins , Tomas Hertl 8 (Jaycob Megna 9, Blake Wheeler 4) at 8:59
6. BOSTON Bruins , Tomas Hertl 9 (Victor Hedman 21, Kirill Kaprizov 14) at 15:23 (PP)

Penalties :
Rasmus Dahlin (WPG) for Hooking (Minor) at 1:30, Mathew Barzal (WPG) for Tripping (Minor) at 9:50, Logan Couture (WPG) for Holding (Minor) at 13:56, Mathew Barzal (WPG) for Holding (Minor) at 17:00

3rd period

7. WINNIPEG Jets , Brandon Hagel 7 (Nick Suzuki 13, Miro Heiskanen 15) at 6:25
8. BOSTON Bruins , Victor Hedman 6 (Brad Marchand 19, Bo Horvat 17) at 14:52
9. BOSTON Bruins , Frank Vatrano 6 (Joel Eriksson Ek 17, Kirill Kaprizov 15) at 19:12 (PP)

Penalties :
Brandon Hagel (WPG) for Interference (Minor) at 3:00, Rasmus Dahlin (WPG) for Hooking (Minor) at 10:52, Michael Pezzetta (BOS) for Tripping (Minor) at 10:52, Clayton Keller (WPG) for Holding (Minor) at 18:52

Goalie Stats

Tristan Jarry (BOS), 24 saves from 27 shots - (0,889), W, 14-15-2, 60:00 minutes
Jeremy Swayman (WPG), 35 saves from 41 shots - (0,854), L, 12-14-5, 60:00 minutes

Players Stats for BOSTON Bruins

Player Name              G  A  P  +/- PIM S  H  SB GA TA FO     MP     PP MP  PK MP  
------------------------------------------------------------------------------------
Adam Lowry               0  0  0   0  0   1  0  0  0  0  4/10    9:47   0:00   3:11 
Adrian Kempe             0  1  1   1  2   6  4  0  0  0  0/2    20:31   6:26   0:00 
Andrew Peeke             0  1  1   2  0   1  1  2  0  0  0/0    18:07   0:16   2:59 
Blake Wheeler            0  1  1   0  0   1  0  0  0  0  0/0     8:30   0:00   0:00 
Bo Horvat                1  1  2   1  0   6  0  0  0  0  21/35  21:31   6:26   0:00 
Brad Hunt                0  0  0   0  0   0  1  1  0  0  0/0    12:29   0:00   0:00 
Brad Marchand            0  1  1   1  0   1  1  0  0  0  1/2    24:51   6:26   3:20 
Frank Vatrano            1  0  1   0  0   3  0  0  0  0  1/1    18:55   7:15   0:00 
Jaycob Megna             0  1  1   0  0   0  6  0  0  0  0/0    12:44   0:00   0:15 
Joel Eriksson Ek         0  2  2   0  0   1  2  0  0  0  14/19  20:03   7:15   0:38 
Kirill Kaprizov          0  2  2   0  0   6  1  0  0  0  0/0    19:37   7:57   0:00 
Matt Dumba               1  0  1   2  2   3  2  0  0  0  0/0    20:57   5:28   0:38 
Michael Pezzetta         0  0  0   0  2   0  2  1  0  0  0/0     6:35   0:00   0:00 
Nathan Walker            0  0  0   0  0   1  0  1  0  0  0/0     8:46   0:00   0:16 
Phil Kessel              0  0  0   0  0   3  0  0  0  0  1/1     6:36   0:00   0:00 
Shea Theodore            0  0  0  -1  0   0  0  2  0  0  0/0    22:21   5:28   1:53 
Tomas Hertl              2  0  2   0  0   3  0  0  0  0  14/23  15:54   7:15   0:09 
Victor Hedman            1  1  2  -1  0   5  0  4  0  0  0/0    25:46   8:13   2:33 

Players Stats for WINNIPEG Jets

Player Name              G  A  P  +/- PIM S  H  SB GA TA FO     MP     PP MP  PK MP  
------------------------------------------------------------------------------------
Alexander Kerfoot        0  0  0   0  0   1  1  1  0  0  3/5    18:44   1:16   7:29 
Brandon Hagel            1  1  2   1  2   6  4  0  0  0  0/2    15:25   1:47   0:02 
Brian Dumoulin           0  0  0   1  0   0  3  5  0  0  0/0    19:52   0:00   8:46 
Clayton Keller           0  0  0   0  4   4  0  1  0  0  0/0    12:08   2:11   0:00 
Evan Bouchard            1  0  1  -1  0   4  0  0  0  0  0/0    17:23   2:35   0:18 
Ilya Mikheyev            0  0  0  -1  0   0  0  1  0  0  1/2    13:44   0:00   4:51 
Jaden Schwartz           1  0  1  -1  0   3  1  0  0  0  0/1     9:57   0:00   0:00 
Kaapo Kakko              0  0  0   0  0   0  0  0  0  0  0/0     0:00   0:00   0:00 
Logan Couture            0  0  0  -1  2   3  4  0  0  0  10/32  20:33   1:47   0:00 
Mathew Barzal            0  0  0   1  4   1  0  0  0  0  1/4    14:30   0:55   0:00 
Miro Heiskanen           0  1  1  -1  0   0  2  2  0  0  0/0    18:17   1:23   0:00 
Nick Suzuki              0  1  1   1  0   0  2  0  0  0  13/33  23:02   1:47   8:33 
Radek Faksa              0  0  0  -1  0   1  0  1  0  0  9/13   14:53   0:00   4:56 
Rasmus Dahlin            0  1  1  -1  4   2  3  2  0  0  0/0    21:37   2:35   5:50 
Tim Stutzle              0  0  0  -1  0   1  1  1  0  0  0/0    10:35   1:47   0:00 
Travis Sanheim           0  0  0  -1  2   0  0  1  0  0  0/0    24:43   1:23   5:32 
Trevor van Riemsdyk      0  1  1   1  0   0  1  4  0  0  0/0    18:05   0:00   6:56 
Troy Terry               0  0  0  -1  0   1  1  0  0  0  0/1    10:43   0:24   1:31 

3 Stars

1 - Tomas Hertl (BOS)
2 - Bo Horvat (BOS)
3 - Victor Hedman (BOS)

Power Play

BOSTON Bruins - 2 on 8 Attempt(s) - 25,00%
WINNIPEG Jets - 0 on 2 Attempt(s) - 0,00%

Penalty Kill

BOSTON Bruins - 2 on 2 Attempt(s) - 100,00% - Score 0 goal in Penalty Kill
WINNIPEG Jets - 6 on 8 Attempt(s) - 75,00% - Score 0 goal in Penalty Kill

Team Stat

BOSTON Bruins - Hits : 20 - Faceoff Wins : 56 - Blocked Shots : 11 - Penalty Minutes : 6
WINNIPEG Jets - Hits : 23 - Faceoff Wins : 37 - Blocked Shots : 19 - Penalty Minutes : 18

Official

Referees : Gord Dwyer and François St-Laurent
Linesman : Kiel Murchison and Brad Kovachik

Game Notes

No Game Note

Finance

Level 1 -- Attendance: 4638 (77,30%) -- Ticket Income $463,800
Level 2 -- Attendance: 4238 (84,76%) -- Ticket Income $254,280
Level 3 -- Attendance: 2000 (100,00%) -- Ticket Income $70,000
Level 4 -- Attendance: 4000 (100,00%) -- Ticket Income $80,000
Luxury Box -- Attendance: 783 (78,30%) -- Ticket Income $156,600
Game was played at the MTS Centre.
Total Attendance: 15659 (86,99%)
Total Ticket Income: $1,024,680
Other Income: $256,170
Total Income: $1,280,850

BOSTON Bruins

5 vs 5 Forward 
   Center                   Left Wing                Right Wing               Time % Phy DF OF 
 1 Bo Horvat                Brad Marchand            Adrian Kempe             38     1   2  2  
 2 Joel Eriksson Ek         Kirill Kaprizov          Frank Vatrano            34     1   2  2  
 3 Tomas Hertl              Nathan Walker            Blake Wheeler            20     1   2  2  
 4 Adam Lowry               Michael Pezzetta         Phil Kessel              8      1   2  2  

5 vs 5 Defense 
   Defense                  Defense                                           Time % Phy DF OF 
 1 Victor Hedman            Shea Theodore                                     43     1   2  2  
 2 Andrew Peeke             Matt Dumba                                        41     1   3  1  
 3 Jaycob Megna             Brad Hunt                                         16     2   2  1  
 4 Victor Hedman            Shea Theodore                                     0      1   2  2  

PowerPlay Forward 
   Center                   Left Wing                Right Wing               Time % Phy DF OF 
 1 Bo Horvat                Brad Marchand            Adrian Kempe             60     1   2  2  
 2 Tomas Hertl              Joel Eriksson Ek         Frank Vatrano            40     1   2  2  

PowerPlay Defense
   Defense                  Defense                                           Time % Phy DF OF 
 1 Victor Hedman            Kirill Kaprizov                                   60     1   2  2  
 2 Matt Dumba               Shea Theodore                                     40     1   2  2  

Penalty Kill 4 Players Forward 
   Center                   Wing                     Time % Phy DF OF 
 1 Adam Lowry               Brad Marchand            60     1   2  2  
 2 Joel Eriksson Ek         Andrew Peeke             40     1   2  2  

Penalty Kill 4 Players Defense
   Defense                  Defense                  Time % Phy DF OF 
 1 Victor Hedman            Andrew Peeke             60     1   2  2  
 2 Matt Dumba               Shea Theodore            40     1   2  2  

Penalty Kill - 3 Players Forward 
   Forward                                           Time % Phy DF OF 
 1 Adam Lowry                                        60     1   2  2  
 2 Joel Eriksson Ek                                  40     1   2  2  

Penalty Kill - 3 Players Defense
   Defense                  Defense                  Time % Phy DF OF 
 1 Victor Hedman            Andrew Peeke             60     1   2  2  
 2 Matt Dumba               Shea Theodore            40     1   2  2  

4 vs 4 Forward 
   Center                   Wing                     Time % Phy DF OF 
 1 Bo Horvat                Brad Marchand            60     1   2  2  
 2 Joel Eriksson Ek         Adrian Kempe             40     1   2  2  

4 vs 4 Defense
   Defense                  Defense                  Time % Phy DF OF 
 1 Victor Hedman            Shea Theodore            60     1   2  2  
 2 Andrew Peeke             Matt Dumba               40     1   2  2  

Last Minutes Offensive
   Center                   Left Wing                Right Wing               Defense                  Defense                  
   Bo Horvat                Kirill Kaprizov          Andrew Peeke             Victor Hedman            Shea Theodore            

Last Minutes Defensive
   Center                   Left Wing                Right Wing               Defense                  Defense                  
   Bo Horvat                Brad Marchand            Adrian Kempe             Victor Hedman            Andrew Peeke             

Goaltenders
Starting : Tristan Jarry            
Backup : Casey DeSmith            

Extra Forwards
Normal : Kirill Kaprizov, Tomas Hertl, Brad Marchand - PP : Kirill Kaprizov, Tomas Hertl - PK : Adam Lowry
Extra Defensemen
Normal : Victor Hedman, Shea Theodore, Matt Dumba - PP : Victor Hedman - PK : Andrew Peeke, Victor Hedman
Penalty Shots
Bo Horvat, Adrian Kempe, Kirill Kaprizov, Tomas Hertl, Brad Marchand

Scratches
None

WINNIPEG Jets

5 vs 5 Forward 
   Center                   Left Wing                Right Wing               Time % Phy DF OF 
 1 Nick Suzuki              Brandon Hagel            Mathew Barzal            32     1   2  2  
 2 Logan Couture            Alexander Kerfoot        Clayton Keller           30     1   2  2  
 3 Logan Couture            Tim Stutzle              Troy Terry               28     1   2  2  
 4 Radek Faksa              Jaden Schwartz           Ilya Mikheyev            10     2   2  1  

5 vs 5 Defense 
   Defense                  Defense                                           Time % Phy DF OF 
 1 Miro Heiskanen           Travis Sanheim                                    40     1   2  2  
 2 Evan Bouchard            Rasmus Dahlin                                     30     1   2  2  
 3 Trevor van Riemsdyk      Brian Dumoulin                                    20     1   2  2  
 4 Trevor van Riemsdyk      Brian Dumoulin                                    10     1   2  2  

PowerPlay Forward 
   Center                   Left Wing                Right Wing               Time % Phy DF OF 
 1 Nick Suzuki              Brandon Hagel            Clayton Keller           60     1   2  2  
 2 Logan Couture            Tim Stutzle              Mathew Barzal            40     1   2  2  

PowerPlay Defense
   Defense                  Defense                                           Time % Phy DF OF 
 1 Rasmus Dahlin            Evan Bouchard                                     60     1   2  2  
 2 Miro Heiskanen           Travis Sanheim                                    40     1   2  2  

Penalty Kill 4 Players Forward 
   Center                   Wing                     Time % Phy DF OF 
 1 Nick Suzuki              Alexander Kerfoot        60     1   2  2  
 2 Radek Faksa              Ilya Mikheyev            40     1   2  2  

Penalty Kill 4 Players Defense
   Defense                  Defense                  Time % Phy DF OF 
 1 Brian Dumoulin           Trevor van Riemsdyk      60     1   2  2  
 2 Travis Sanheim           Rasmus Dahlin            40     1   2  2  

Penalty Kill - 3 Players Forward 
   Forward                                           Time % Phy DF OF 
 1 Logan Couture                                     60     1   2  2  
 2 Nick Suzuki                                       40     1   2  2  

Penalty Kill - 3 Players Defense
   Defense                  Defense                  Time % Phy DF OF 
 1 Rasmus Dahlin            Miro Heiskanen           60     1   2  2  
 2 Evan Bouchard            Brian Dumoulin           40     1   2  2  

4 vs 4 Forward 
   Center                   Wing                     Time % Phy DF OF 
 1 Mathew Barzal            Brandon Hagel            60     1   2  2  
 2 Radek Faksa              Jaden Schwartz           40     1   2  2  

4 vs 4 Defense
   Defense                  Defense                  Time % Phy DF OF 
 1 Trevor van Riemsdyk      Travis Sanheim           60     1   2  2  
 2 Evan Bouchard            Brian Dumoulin           40     1   2  2  

Last Minutes Offensive
   Center                   Left Wing                Right Wing               Defense                  Defense                  
   Logan Couture            Clayton Keller           Mathew Barzal            Rasmus Dahlin            Miro Heiskanen           

Last Minutes Defensive
   Center                   Left Wing                Right Wing               Defense                  Defense                  
   Logan Couture            Clayton Keller           Alexander Kerfoot        Brian Dumoulin           Trevor van Riemsdyk      

Goaltenders
Starting : Jeremy Swayman           
Backup : Pavel Francouz           

Extra Forwards
Normal : Troy Terry, Nick Suzuki, Alexander Kerfoot - PP : Troy Terry, Nick Suzuki - PK : Troy Terry
Extra Defensemen
Normal : Brian Dumoulin, Trevor van Riemsdyk, Travis Sanheim - PP : Brian Dumoulin - PK : Brian Dumoulin, Trevor van Riemsdyk
Penalty Shots
Clayton Keller, Tim Stutzle, Brandon Hagel, Logan Couture, Nick Suzuki

Scratches
None


% Time on Ice - BOSTON Bruins

Lines # - Real PCT - Wanted PCT - Time Play
Normal Forward
1 - 34% - 38% - 13:36
2 - 29% - 34% - 11:40
3 - 21% - 20% - 8:30
4 - 16% - 8% - 6:36
Normal Defense
1 - 34% - 43% - 13:35
2 - 35% - 41% - 14:18
3 - 31% - 16% - 12:29
4 - 0% - 0% - 0:00
PP Forward
1 - 47% - 60% - 6:26
2 - 53% - 40% - 7:15
PP Defense
1 - 60% - 60% - 8:13
2 - 40% - 40% - 5:28
PK Forward
1 - 84% - 60% - 3:20
2 - 16% - 40% - 0:38
PK Defense
1 - 46% - 60% - 1:50
2 - 54% - 40% - 2:08
PK3 Forward
1 - 0% - 60%
2 - 0% - 40%
PK3 Defense
1 - 0% - 60%
2 - 0% - 40%
44 Forward
1 - 75% - 60% - 1:29
2 - 25% - 40% - 0:30
44 Defense
1 - 71% - 60% - 1:25
2 - 29% - 40% - 0:34
Last Minute Offensive  - 0:00
Last Minute Defensive  - 0:00
Total
Forward - 60:00
Defense - 60:00

% Time on Ice - WINNIPEG Jets

Lines # - Real PCT - Wanted PCT - Time Play
Normal Forward
1 - 31% - 32% - 12:42
2 - 25% - 30% - 9:59
3 - 22% - 28% - 8:48
4 - 22% - 10% - 8:53
Normal Defense
1 - 42% - 40% - 16:54
2 - 33% - 30% - 13:26
3 - 18% - 20% - 7:25
4 - 6% - 10% - 2:37
PP Forward
1 - 55% - 60% - 2:11
2 - 45% - 40% - 1:47
PP Defense
1 - 65% - 60% - 2:35
2 - 35% - 40% - 1:23
PK Forward
1 - 65% - 60% - 8:50
2 - 35% - 40% - 4:51
PK Defense
1 - 45% - 60% - 6:07
2 - 55% - 40% - 7:34
PK3 Forward
1 - 0% - 60%
2 - 0% - 40%
PK3 Defense
1 - 0% - 60%
2 - 0% - 40%
44 Forward
1 - 46% - 60% - 0:55
2 - 54% - 40% - 1:04
44 Defense
1 - 46% - 60% - 0:55
2 - 54% - 40% - 1:04
Last Minute Offensive  - 0:00
Last Minute Defensive  - 0:00
Total
Forward - 60:00
Defense - 60:00

Play-by-Play

1st period


0:01 of 1st period - Bo Horvat wins face-off versus Nick Suzuki in neutral zone.
0:14 of 1st period - Shot by Adrian Kempe.
0:14 of 1st period - Stopped by Jeremy Swayman without a rebound.
0:15 of 1st period - Joel Eriksson Ek wins face-off versus Logan Couture in WINNIPEG Jets zone.
0:29 of 1st period - Icing by Clayton Keller.
0:30 of 1st period - Tomas Hertl wins face-off versus Logan Couture in WINNIPEG Jets zone.
0:40 of 1st period - Minor Penalty to Clayton Keller for High sticking.
0:41 of 1st period - Bo Horvat wins face-off versus Nick Suzuki in WINNIPEG Jets zone.
0:56 of 1st period - Shot by Kirill Kaprizov.
0:56 of 1st period - Shot Misses the Net.
0:58 of 1st period - Shot by Victor Hedman.
0:58 of 1st period - Stopped by Jeremy Swayman without a rebound.
0:59 of 1st period - Tomas Hertl wins face-off versus Radek Faksa in WINNIPEG Jets zone.
1:35 of 1st period - Shot by Shea Theodore.
1:35 of 1st period - Shot Misses the Net.
1:41 of 1st period - Shot by Tomas Hertl.
1:41 of 1st period - Shot Misses the Net.
2:03 of 1st period - Shot by Victor Hedman.
2:03 of 1st period - Shot Misses the Net.
2:05 of 1st period - Shot by Bo Horvat.
2:05 of 1st period - Stopped by Jeremy Swayman without a rebound.
2:06 of 1st period - Bo Horvat wins face-off versus Nick Suzuki in WINNIPEG Jets zone.
3:00 of 1st period - Tim Stutzle is hit by Jaycob Megna and loses puck.
3:14 of 1st period - Tim Stutzle is hit by Jaycob Megna.
3:24 of 1st period - Brian Dumoulin is hit by Michael Pezzetta and loses puck.
3:30 of 1st period - Trevor van Riemsdyk is hit by Jaycob Megna and loses puck.
3:38 of 1st period - Icing by Brad Hunt.
3:39 of 1st period - Radek Faksa wins face-off versus Adam Lowry in BOSTON Bruins zone.
3:42 of 1st period - Shot by Radek Faksa.
3:42 of 1st period - Shot Blocked by Brad Hunt.
3:44 of 1st period - Shot by Evan Bouchard.
3:44 of 1st period - Stopped by Tristan Jarry without a rebound.
3:45 of 1st period - Mathew Barzal wins face-off versus Bo Horvat in BOSTON Bruins zone.
4:16 of 1st period - Shot by Adrian Kempe.
4:16 of 1st period - Stopped by Jeremy Swayman without a rebound.
4:17 of 1st period - Joel Eriksson Ek wins face-off versus Radek Faksa in WINNIPEG Jets zone.
4:20 of 1st period - Shot by Kirill Kaprizov.
4:20 of 1st period - Stopped by Jeremy Swayman with a rebound.
5:42 of 1st period - Shot by Victor Hedman.
5:42 of 1st period - Stopped by Jeremy Swayman with a rebound.
5:44 of 1st period - Shot by Victor Hedman.
5:44 of 1st period - Shot Misses the Net.
5:46 of 1st period - Shot by Adrian Kempe.
5:46 of 1st period - Shot Misses the Net.
6:04 of 1st period - Shot by Bo Horvat.
6:04 of 1st period - Shot Blocked by Miro Heiskanen.
6:59 of 1st period - Icing by Brian Dumoulin.
7:00 of 1st period - Phil Kessel wins face-off versus Nick Suzuki in WINNIPEG Jets zone.
7:00 of 1st period - Andrew Peeke is hit by Trevor van Riemsdyk and loses puck.
7:03 of 1st period - Shot by Matt Dumba.
7:03 of 1st period - Shot Misses the Net.
7:29 of 1st period - Shot by Adam Lowry.
7:29 of 1st period - Shot Misses the Net.
8:17 of 1st period - Shot by Frank Vatrano.
8:17 of 1st period - Deflect By Kirill Kaprizov.
8:17 of 1st period - Shot Blocked by Trevor van Riemsdyk.
8:51 of 1st period - Shot by Adrian Kempe.
8:51 of 1st period - Shot Blocked by Brian Dumoulin.
8:53 of 1st period - Shot by Bo Horvat.
8:53 of 1st period - Stopped by Jeremy Swayman without a rebound.
8:54 of 1st period - Tomas Hertl wins face-off versus Logan Couture in WINNIPEG Jets zone.
9:03 of 1st period - Shot by Logan Couture.
9:03 of 1st period - Shot Blocked by Nathan Walker.
9:51 of 1st period - Evan Bouchard is hit by Adrian Kempe and loses puck.
9:52 of 1st period - Minor Penalty to Adrian Kempe for Slashing.
9:53 of 1st period - Logan Couture wins face-off versus Adam Lowry in BOSTON Bruins zone.
10:06 of 1st period - Shot by Tim Stutzle.
10:06 of 1st period - Stopped by Tristan Jarry without a rebound.
10:07 of 1st period - Adam Lowry wins face-off versus Troy Terry in BOSTON Bruins zone.
10:20 of 1st period - Shot by Rasmus Dahlin.
10:20 of 1st period - Stopped by Tristan Jarry with a rebound.
10:28 of 1st period - Shot by Rasmus Dahlin.
10:28 of 1st period - Stopped by Tristan Jarry with a rebound.
10:30 of 1st period - Shot by Alexander Kerfoot.
10:30 of 1st period - Stopped by Tristan Jarry without a rebound.
10:31 of 1st period - Adam Lowry wins face-off versus Logan Couture in BOSTON Bruins zone.
11:04 of 1st period - Shot by Travis Sanheim.
11:04 of 1st period - Shot Blocked by Victor Hedman.
11:59 of 1st period - Jaycob Megna is hit by Jaden Schwartz and loses puck.
12:08 of 1st period - Shot by Nathan Walker.
12:08 of 1st period - Shot Misses the Net.
12:16 of 1st period - Shot by Jaden Schwartz.
12:16 of 1st period - Goal by Jaden Schwartz - BOSTON Bruins : 0 - WINNIPEG Jets : 1.
12:17 of 1st period - Joel Eriksson Ek wins face-off versus Logan Couture in neutral zone.
12:42 of 1st period - Shot by Logan Couture.
12:42 of 1st period - Stopped by Tristan Jarry without a rebound.
12:43 of 1st period - Radek Faksa wins face-off versus Tomas Hertl in BOSTON Bruins zone.
13:24 of 1st period - Icing by Jaycob Megna.
13:25 of 1st period - Tomas Hertl wins face-off versus Nick Suzuki in BOSTON Bruins zone.
13:54 of 1st period - Shot by Joel Eriksson Ek.
13:54 of 1st period - Shot Hit the Post.
13:56 of 1st period - Shot by Matt Dumba.
13:56 of 1st period - Goal by Matt Dumba - BOSTON Bruins : 1 - WINNIPEG Jets : 1.
13:57 of 1st period - Bo Horvat wins face-off versus Logan Couture in neutral zone.
14:06 of 1st period - Shot by Adrian Kempe.
14:06 of 1st period - Stopped by Jeremy Swayman without a rebound.
14:07 of 1st period - Logan Couture wins face-off versus Bo Horvat in WINNIPEG Jets zone.
14:16 of 1st period - Shot by Logan Couture.
14:16 of 1st period - Stopped by Tristan Jarry without a rebound.
14:17 of 1st period - Bo Horvat wins face-off versus Logan Couture in BOSTON Bruins zone.
14:34 of 1st period - Shot by Adrian Kempe.
14:34 of 1st period - Deflect By Bo Horvat.
14:34 of 1st period - Goal by Bo Horvat - BOSTON Bruins : 2 - WINNIPEG Jets : 1.
14:35 of 1st period - Frank Vatrano wins face-off versus Brandon Hagel in neutral zone.
14:51 of 1st period - Shot by Brandon Hagel.
14:51 of 1st period - Stopped by Tristan Jarry with a rebound.
14:53 of 1st period - Shot by Evan Bouchard.
14:53 of 1st period - Goal by Evan Bouchard - BOSTON Bruins : 2 - WINNIPEG Jets : 2.
14:54 of 1st period - Bo Horvat wins face-off versus Logan Couture in neutral zone.
15:04 of 1st period - Logan Couture is hit by Andrew Peeke.
15:08 of 1st period - Shot by Clayton Keller.
15:08 of 1st period - Stopped by Tristan Jarry without a rebound.
15:09 of 1st period - Joel Eriksson Ek wins face-off versus Nick Suzuki in BOSTON Bruins zone.
15:09 of 1st period - Joel Eriksson Ek is hit by Brandon Hagel.
15:19 of 1st period - Shot by Nick Suzuki.
15:19 of 1st period - Deflect By Brandon Hagel.
15:19 of 1st period - Shot Misses the Net.
15:21 of 1st period - Shot by Mathew Barzal.
15:21 of 1st period - Stopped by Tristan Jarry without a rebound.
15:22 of 1st period - Bo Horvat wins face-off versus Logan Couture in BOSTON Bruins zone.
15:24 of 1st period - Adrian Kempe is hit by Alexander Kerfoot and loses puck.
15:38 of 1st period - Adrian Kempe is hit by Miro Heiskanen.
15:47 of 1st period - Minor Penalty to Travis Sanheim for Roughing.
15:48 of 1st period - Nick Suzuki wins face-off versus Tomas Hertl in WINNIPEG Jets zone.
17:10 of 1st period - Adrian Kempe is hit by Brian Dumoulin and loses puck.
17:17 of 1st period - Shot by Bo Horvat.
17:17 of 1st period - Shot Misses the Net.
17:37 of 1st period - Shot by Victor Hedman.
17:37 of 1st period - Shot Misses the Net.
17:39 of 1st period - Shot by Victor Hedman.
17:39 of 1st period - Shot Blocked by Radek Faksa.
17:41 of 1st period - Shot by Joel Eriksson Ek.
17:41 of 1st period - Shot Blocked by Ilya Mikheyev.
17:43 of 1st period - Shot by Joel Eriksson Ek.
17:43 of 1st period - Shot Blocked by Rasmus Dahlin.
17:45 of 1st period - Shot by Kirill Kaprizov.
17:45 of 1st period - Stopped by Jeremy Swayman without a rebound.
17:46 of 1st period - Bo Horvat wins face-off versus Nick Suzuki in WINNIPEG Jets zone.
17:51 of 1st period - Shot by Adrian Kempe.
17:51 of 1st period - Shot Misses the Net.
18:19 of 1st period - Shot by Troy Terry.
18:19 of 1st period - Deflect By Tim Stutzle.
18:19 of 1st period - Shot Misses the Net.
18:21 of 1st period - Shot by Logan Couture.
18:21 of 1st period - Shot Misses the Net.
18:23 of 1st period - Shot by Troy Terry.
18:23 of 1st period - Stopped by Tristan Jarry without a rebound.
18:24 of 1st period - Nick Suzuki wins face-off versus Tomas Hertl in BOSTON Bruins zone.
18:28 of 1st period - Brandon Hagel is hit by Matt Dumba.
18:35 of 1st period - Minor Penalty to Matt Dumba for Hooking.
18:36 of 1st period - Nick Suzuki wins face-off versus Adam Lowry in BOSTON Bruins zone.
18:39 of 1st period - Shot by Clayton Keller.
18:39 of 1st period - Shot Misses the Net.
18:41 of 1st period - Shot by Travis Sanheim.
18:41 of 1st period - Shot Blocked by Victor Hedman.
18:47 of 1st period - Shot by Brandon Hagel.
18:47 of 1st period - Shot Misses the Net.
18:53 of 1st period - Shot by Clayton Keller.
18:53 of 1st period - Stopped by Tristan Jarry without a rebound.
18:54 of 1st period - Adam Lowry wins face-off versus Logan Couture in BOSTON Bruins zone.
Goals for this period are 2 for BOSTON Bruins vs 2 for WINNIPEG Jets.
Shots for this period are 11 for BOSTON Bruins vs 14 for WINNIPEG Jets.

2nd period


0:01 of 2nd period - Nick Suzuki wins face-off versus Adam Lowry in neutral zone.
0:32 of 2nd period - Shot by Brandon Hagel.
0:32 of 2nd period - Stopped by Tristan Jarry without a rebound.
0:33 of 2nd period - Joel Eriksson Ek wins face-off versus Logan Couture in BOSTON Bruins zone.
1:07 of 2nd period - Off-side.
1:08 of 2nd period - Bo Horvat wins face-off versus Logan Couture in neutral zone.
1:30 of 2nd period - Minor Penalty to Rasmus Dahlin for Hooking.
1:31 of 2nd period - Tomas Hertl wins face-off versus Nick Suzuki in WINNIPEG Jets zone.
2:44 of 2nd period - Shot by Adrian Kempe.
2:44 of 2nd period - Stopped by Jeremy Swayman without a rebound.
2:45 of 2nd period - Radek Faksa wins face-off versus Brad Marchand in WINNIPEG Jets zone.
4:11 of 2nd period - Shot by Adam Lowry.
4:11 of 2nd period - Shot Blocked by Tim Stutzle.
4:32 of 2nd period - Shot by Joel Eriksson Ek.
4:32 of 2nd period - Shot Misses the Net.
6:14 of 2nd period - Off-side.
6:15 of 2nd period - Alexander Kerfoot wins face-off versus Adam Lowry in neutral zone.
6:20 of 2nd period - Shot by Michael Pezzetta.
6:20 of 2nd period - Shot Blocked by Travis Sanheim.
6:22 of 2nd period - Shot by Adam Lowry.
6:22 of 2nd period - Shot Misses the Net.
6:48 of 2nd period - Shot by Phil Kessel.
6:48 of 2nd period - Stopped by Jeremy Swayman without a rebound.
6:49 of 2nd period - Joel Eriksson Ek wins face-off versus Ilya Mikheyev in WINNIPEG Jets zone.
6:57 of 2nd period - Frank Vatrano is hit by Brian Dumoulin and loses puck.
7:08 of 2nd period - Shot by Radek Faksa.
7:08 of 2nd period - Shot Blocked by Shea Theodore.
7:10 of 2nd period - Shot by Jaden Schwartz.
7:10 of 2nd period - Stopped by Tristan Jarry without a rebound.
7:11 of 2nd period - Bo Horvat wins face-off versus Nick Suzuki in BOSTON Bruins zone.
7:11 of 2nd period - Bo Horvat is hit by Brandon Hagel.
7:28 of 2nd period - Off-side.
7:29 of 2nd period - Joel Eriksson Ek wins face-off versus Alexander Kerfoot in neutral zone.
8:00 of 2nd period - Shot by Kirill Kaprizov.
8:00 of 2nd period - Stopped by Jeremy Swayman with a rebound.
8:02 of 2nd period - Shot by Joel Eriksson Ek.
8:02 of 2nd period - Deflect By Frank Vatrano.
8:02 of 2nd period - Stopped by Jeremy Swayman without a rebound.
8:03 of 2nd period - Nick Suzuki wins face-off versus Bo Horvat in WINNIPEG Jets zone.
8:25 of 2nd period - Shot by Brandon Hagel.
8:25 of 2nd period - Stopped by Tristan Jarry without a rebound.
8:26 of 2nd period - Tomas Hertl wins face-off versus Jaden Schwartz in BOSTON Bruins zone.
8:59 of 2nd period - Shot by Tomas Hertl.
8:59 of 2nd period - Goal by Tomas Hertl - BOSTON Bruins : 3 - WINNIPEG Jets : 2.
9:00 of 2nd period - Bo Horvat wins face-off versus Logan Couture in neutral zone.
9:11 of 2nd period - Shot by Alexander Kerfoot.
9:11 of 2nd period - Shot Blocked by Shea Theodore.
9:41 of 2nd period - Shot by Logan Couture.
9:41 of 2nd period - Shot Misses the Net.
9:50 of 2nd period - Minor Penalty to Mathew Barzal for Tripping.
9:51 of 2nd period - Tomas Hertl wins face-off versus Nick Suzuki in WINNIPEG Jets zone.
10:20 of 2nd period - Shot by Frank Vatrano.
10:20 of 2nd period - Shot Misses the Net.
10:22 of 2nd period - Shot by Victor Hedman.
10:22 of 2nd period - Stopped by Jeremy Swayman without a rebound.
10:23 of 2nd period - Nick Suzuki wins face-off versus Bo Horvat in WINNIPEG Jets zone.
10:48 of 2nd period - Shot by Shea Theodore.
10:48 of 2nd period - Shot Misses the Net.
10:50 of 2nd period - Shot by Bo Horvat.
10:50 of 2nd period - Shot Misses the Net.
10:52 of 2nd period - Shot by Bo Horvat.
10:52 of 2nd period - Shot Blocked by Brian Dumoulin.
11:28 of 2nd period - Rasmus Dahlin is hit by Joel Eriksson Ek and loses puck.
12:14 of 2nd period - Jaycob Megna is hit by Logan Couture.
12:24 of 2nd period - Shot by Phil Kessel.
12:24 of 2nd period - Stopped by Jeremy Swayman with a rebound.
12:26 of 2nd period - Shot by Phil Kessel.
12:26 of 2nd period - Stopped by Jeremy Swayman without a rebound.
12:27 of 2nd period - Radek Faksa wins face-off versus Tomas Hertl in WINNIPEG Jets zone.
13:01 of 2nd period - Shot by Jaden Schwartz.
13:01 of 2nd period - Shot Blocked by Andrew Peeke.
13:03 of 2nd period - Shot by Travis Sanheim.
13:03 of 2nd period - Shot Misses the Net.
13:05 of 2nd period - Shot by Radek Faksa.
13:05 of 2nd period - Stopped by Tristan Jarry with a rebound.
13:07 of 2nd period - Shot by Jaden Schwartz.
13:07 of 2nd period - Stopped by Tristan Jarry without a rebound.
13:08 of 2nd period - Nick Suzuki wins face-off versus Adrian Kempe in BOSTON Bruins zone.
13:08 of 2nd period - Brandon Hagel is hit by Brad Hunt and loses puck.
13:19 of 2nd period - Shot by Bo Horvat.
13:19 of 2nd period - Stopped by Jeremy Swayman with a rebound.
13:36 of 2nd period - Trevor van Riemsdyk is hit by Jaycob Megna and loses puck.
13:53 of 2nd period - Shot by Brandon Hagel.
13:53 of 2nd period - Stopped by Tristan Jarry without a rebound.
13:54 of 2nd period - Joel Eriksson Ek wins face-off versus Logan Couture in BOSTON Bruins zone.
13:56 of 2nd period - Minor Penalty to Logan Couture for Holding.
13:57 of 2nd period - Tomas Hertl wins face-off versus Nick Suzuki in WINNIPEG Jets zone.
14:11 of 2nd period - Tomas Hertl is hit by Nick Suzuki and loses puck.
14:18 of 2nd period - Shot by Kirill Kaprizov.
14:18 of 2nd period - Shot Misses the Net.
14:20 of 2nd period - Shot by Victor Hedman.
14:20 of 2nd period - Stopped by Jeremy Swayman without a rebound.
14:21 of 2nd period - Bo Horvat wins face-off versus Nick Suzuki in WINNIPEG Jets zone.
14:22 of 2nd period - Shot by Shea Theodore.
14:22 of 2nd period - Shot Blocked by Brian Dumoulin.
14:24 of 2nd period - Shot by Matt Dumba.
14:24 of 2nd period - Stopped by Jeremy Swayman with a rebound.
14:39 of 2nd period - Off-side.
14:40 of 2nd period - Ilya Mikheyev wins face-off versus Tomas Hertl in neutral zone.
14:53 of 2nd period - Shot by Kirill Kaprizov.
14:53 of 2nd period - Shot Blocked by Brian Dumoulin.
15:09 of 2nd period - Shot by Ilya Mikheyev.
15:09 of 2nd period - Deflect By Radek Faksa.
15:09 of 2nd period - Shot Misses the Net.
15:23 of 2nd period - Shot by Tomas Hertl.
15:23 of 2nd period - Goal by Tomas Hertl - BOSTON Bruins : 4 - WINNIPEG Jets : 2.
15:24 of 2nd period - Bo Horvat wins face-off versus Logan Couture in neutral zone.
15:27 of 2nd period - Shot by Adrian Kempe.
15:27 of 2nd period - Stopped by Jeremy Swayman without a rebound.
15:28 of 2nd period - Logan Couture wins face-off versus Bo Horvat in WINNIPEG Jets zone.
15:39 of 2nd period - Shot by Adrian Kempe.
15:39 of 2nd period - Stopped by Jeremy Swayman without a rebound.
15:40 of 2nd period - Bo Horvat wins face-off versus Radek Faksa in WINNIPEG Jets zone.
15:41 of 2nd period - Shot by Brad Marchand.
15:41 of 2nd period - Shot Blocked by Rasmus Dahlin.
15:43 of 2nd period - Shot by Adrian Kempe.
15:43 of 2nd period - Shot Misses the Net.
16:07 of 2nd period - Shot by Bo Horvat.
16:07 of 2nd period - Stopped by Jeremy Swayman without a rebound.
16:08 of 2nd period - Logan Couture wins face-off versus Joel Eriksson Ek in WINNIPEG Jets zone.
16:23 of 2nd period - Miro Heiskanen is hit by Joel Eriksson Ek and loses puck.
16:59 of 2nd period - Icing by Frank Vatrano.
17:00 of 2nd period - Joel Eriksson Ek wins face-off versus Nick Suzuki in BOSTON Bruins zone.
17:00 of 2nd period - Minor Penalty to Mathew Barzal for Holding.
17:01 of 2nd period - Alexander Kerfoot wins face-off versus Bo Horvat in WINNIPEG Jets zone.
17:10 of 2nd period - Shot by Nick Suzuki.
17:10 of 2nd period - Shot Misses the Net.
17:24 of 2nd period - Shot by Alexander Kerfoot.
17:24 of 2nd period - Shot Blocked by Victor Hedman.
17:49 of 2nd period - Off-side.
17:50 of 2nd period - Tomas Hertl wins face-off versus Nick Suzuki in neutral zone.
17:50 of 2nd period - Joel Eriksson Ek is hit by Nick Suzuki and loses puck.
18:11 of 2nd period - Shot by Joel Eriksson Ek.
18:11 of 2nd period - Shot Blocked by Brian Dumoulin.
18:13 of 2nd period - Shot by Joel Eriksson Ek.
18:13 of 2nd period - Shot Misses the Net.
18:15 of 2nd period - Shot by Shea Theodore.
18:15 of 2nd period - Shot Blocked by Trevor van Riemsdyk.
18:34 of 2nd period - Shot by Matt Dumba.
18:34 of 2nd period - Stopped by Jeremy Swayman with a rebound.
18:54 of 2nd period - Shot by Bo Horvat.
18:54 of 2nd period - Stopped by Jeremy Swayman without a rebound.
18:55 of 2nd period - Brad Marchand wins face-off versus Radek Faksa in WINNIPEG Jets zone.
19:02 of 2nd period - Shot by Bo Horvat.
19:02 of 2nd period - Shot Misses the Net.
19:24 of 2nd period - Shot by Adam Lowry.
19:24 of 2nd period - Shot Misses the Net.
19:26 of 2nd period - Shot by Adam Lowry.
19:26 of 2nd period - Stopped by Jeremy Swayman without a rebound.
19:27 of 2nd period - Tomas Hertl wins face-off versus Alexander Kerfoot in WINNIPEG Jets zone.
19:54 of 2nd period - Shot by Logan Couture.
19:54 of 2nd period - Shot Misses the Net.
19:56 of 2nd period - Shot by Evan Bouchard.
19:56 of 2nd period - Stopped by Tristan Jarry without a rebound.
19:57 of 2nd period - Bo Horvat wins face-off versus Nick Suzuki in BOSTON Bruins zone.
Goals for this period are 2 for BOSTON Bruins vs 0 for WINNIPEG Jets.
Shots for this period are 18 for BOSTON Bruins vs 7 for WINNIPEG Jets.

3rd period


0:01 of 3rd period - Bo Horvat wins face-off versus Logan Couture in neutral zone.
0:19 of 3rd period - Off-side.
0:20 of 3rd period - Joel Eriksson Ek wins face-off versus Nick Suzuki in neutral zone.
0:23 of 3rd period - Nick Suzuki is hit by Kirill Kaprizov and loses puck.
0:35 of 3rd period - Kirill Kaprizov is hit by Rasmus Dahlin and loses puck.
0:43 of 3rd period - Joel Eriksson Ek is hit by Rasmus Dahlin.
0:48 of 3rd period - Frank Vatrano is hit by Rasmus Dahlin and loses puck.
0:57 of 3rd period - Shot by Brandon Hagel.
0:57 of 3rd period - Stopped by Tristan Jarry without a rebound.
0:58 of 3rd period - Bo Horvat wins face-off versus Logan Couture in BOSTON Bruins zone.
1:02 of 3rd period - Off-side.
1:03 of 3rd period - Bo Horvat wins face-off versus Logan Couture in neutral zone.
1:24 of 3rd period - Icing by Logan Couture.
1:25 of 3rd period - Logan Couture wins face-off versus Joel Eriksson Ek in WINNIPEG Jets zone.
1:38 of 3rd period - Shot by Kirill Kaprizov.
1:38 of 3rd period - Shot Misses the Net.
1:40 of 3rd period - Shot by Andrew Peeke.
1:40 of 3rd period - Stopped by Jeremy Swayman without a rebound.
1:41 of 3rd period - Nick Suzuki wins face-off versus Bo Horvat in WINNIPEG Jets zone.
2:13 of 3rd period - Icing by Rasmus Dahlin.
2:14 of 3rd period - Nick Suzuki wins face-off versus Joel Eriksson Ek in WINNIPEG Jets zone.
2:21 of 3rd period - Shot by Evan Bouchard.
2:21 of 3rd period - Stopped by Tristan Jarry without a rebound.
2:22 of 3rd period - Joel Eriksson Ek wins face-off versus Logan Couture in BOSTON Bruins zone.
2:24 of 3rd period - Kirill Kaprizov is hit by Logan Couture and loses puck.
2:28 of 3rd period - Off-side.
2:29 of 3rd period - Joel Eriksson Ek wins face-off versus Logan Couture in neutral zone.
2:29 of 3rd period - Joel Eriksson Ek is hit by Logan Couture.
2:41 of 3rd period - Shot by Joel Eriksson Ek.
2:41 of 3rd period - Shot Blocked by Clayton Keller.
2:49 of 3rd period - Shot by Kirill Kaprizov.
2:49 of 3rd period - Stopped by Jeremy Swayman without a rebound.
2:50 of 3rd period - Nick Suzuki wins face-off versus Bo Horvat in WINNIPEG Jets zone.
2:58 of 3rd period - Mathew Barzal is hit by Matt Dumba and loses puck.
3:00 of 3rd period - Minor Penalty to Brandon Hagel for Interference.
3:01 of 3rd period - Alexander Kerfoot wins face-off versus Bo Horvat in WINNIPEG Jets zone.
3:01 of 3rd period - Alexander Kerfoot is hit by Adrian Kempe.
3:33 of 3rd period - Shot by Victor Hedman.
3:33 of 3rd period - Shot Misses the Net.
4:15 of 3rd period - Shot by Shea Theodore.
4:15 of 3rd period - Shot Misses the Net.
4:24 of 3rd period - Off-side.
4:25 of 3rd period - Nick Suzuki wins face-off versus Adrian Kempe in neutral zone.
4:42 of 3rd period - Off-side.
4:43 of 3rd period - Tomas Hertl wins face-off versus Nick Suzuki in neutral zone.
4:52 of 3rd period - Shot by Tomas Hertl.
4:52 of 3rd period - Stopped by Jeremy Swayman without a rebound.
4:53 of 3rd period - Tomas Hertl wins face-off versus Nick Suzuki in WINNIPEG Jets zone.
4:54 of 3rd period - Shot by Joel Eriksson Ek.
4:54 of 3rd period - Shot Misses the Net.
4:56 of 3rd period - Shot by Frank Vatrano.
4:56 of 3rd period - Stopped by Jeremy Swayman with a rebound.
4:58 of 3rd period - Shot by Matt Dumba.
4:58 of 3rd period - Shot Blocked by Alexander Kerfoot.
5:17 of 3rd period - Icing by Evan Bouchard.
5:18 of 3rd period - Logan Couture wins face-off versus Bo Horvat in WINNIPEG Jets zone.
6:01 of 3rd period - Icing by Victor Hedman.
6:02 of 3rd period - Bo Horvat wins face-off versus Nick Suzuki in BOSTON Bruins zone.
6:04 of 3rd period - Brad Marchand is hit by Brandon Hagel and loses puck.
6:21 of 3rd period - Shot by Brandon Hagel.
6:21 of 3rd period - Shot Misses the Net.
6:23 of 3rd period - Shot by Nick Suzuki.
6:23 of 3rd period - Shot Blocked by Victor Hedman.
6:25 of 3rd period - Shot by Brandon Hagel.
6:25 of 3rd period - Goal by Brandon Hagel - BOSTON Bruins : 4 - WINNIPEG Jets : 3.
6:26 of 3rd period - Radek Faksa wins face-off versus Joel Eriksson Ek in neutral zone.
6:51 of 3rd period - Shot by Kirill Kaprizov.
6:51 of 3rd period - Shot Misses the Net.
7:22 of 3rd period - Off-side.
7:23 of 3rd period - Logan Couture wins face-off versus Tomas Hertl in neutral zone.
7:50 of 3rd period - Shot by Alexander Kerfoot.
7:50 of 3rd period - Deflect By Clayton Keller.
7:50 of 3rd period - Stopped by Tristan Jarry without a rebound.
7:51 of 3rd period - Nick Suzuki wins face-off versus Bo Horvat in BOSTON Bruins zone.
8:52 of 3rd period - Alexander Kerfoot is hit by Adrian Kempe and loses puck.
9:13 of 3rd period - Icing by Travis Sanheim.
9:14 of 3rd period - Logan Couture wins face-off versus Joel Eriksson Ek in WINNIPEG Jets zone.
9:50 of 3rd period - Shot by Kirill Kaprizov.
9:50 of 3rd period - Stopped by Jeremy Swayman without a rebound.
9:51 of 3rd period - Tomas Hertl wins face-off versus Brandon Hagel in WINNIPEG Jets zone.
10:01 of 3rd period - Nathan Walker is hit by Brian Dumoulin and loses puck.
10:14 of 3rd period - Shot by Tomas Hertl.
10:14 of 3rd period - Shot Blocked by Trevor van Riemsdyk.
10:16 of 3rd period - Shot by Nathan Walker.
10:16 of 3rd period - Stopped by Jeremy Swayman without a rebound.
10:17 of 3rd period - Radek Faksa wins face-off versus Adam Lowry in WINNIPEG Jets zone.
10:52 of 3rd period - Minor Penalty to Rasmus Dahlin for Hooking.
10:52 of 3rd period - Minor Penalty to Michael Pezzetta for Tripping.
10:53 of 3rd period - Bo Horvat wins face-off versus Mathew Barzal in WINNIPEG Jets zone.
10:56 of 3rd period - Shot by Brad Marchand.
10:56 of 3rd period - Stopped by Jeremy Swayman without a rebound.
10:57 of 3rd period - Bo Horvat wins face-off versus Mathew Barzal in WINNIPEG Jets zone.
11:00 of 3rd period - Shot by Brad Marchand.
11:00 of 3rd period - Shot Misses the Net.
11:47 of 3rd period - Off-side.
11:48 of 3rd period - Radek Faksa wins face-off versus Bo Horvat in neutral zone.
11:53 of 3rd period - Shot by Jaden Schwartz.
11:53 of 3rd period - Shot Blocked by Andrew Peeke.
12:53 of 3rd period - Shot by Tomas Hertl.
12:53 of 3rd period - Shot Blocked by Miro Heiskanen.
13:09 of 3rd period - Shot by Jaycob Megna.
13:09 of 3rd period - Shot Misses the Net.
13:26 of 3rd period - Shot by Tomas Hertl.
13:26 of 3rd period - Deflect By Blake Wheeler.
13:26 of 3rd period - Stopped by Jeremy Swayman without a rebound.
13:27 of 3rd period - Joel Eriksson Ek wins face-off versus Mathew Barzal in WINNIPEG Jets zone.
13:34 of 3rd period - Joel Eriksson Ek is hit by Brandon Hagel and loses puck.
13:43 of 3rd period - Shot by Kirill Kaprizov.
13:43 of 3rd period - Stopped by Jeremy Swayman with a rebound.
14:26 of 3rd period - Shot by Clayton Keller.
14:26 of 3rd period - Stopped by Tristan Jarry without a rebound.
14:27 of 3rd period - Radek Faksa wins face-off versus Bo Horvat in BOSTON Bruins zone.
14:44 of 3rd period - Shot by Brad Marchand.
14:44 of 3rd period - Shot Hit the Post.
14:50 of 3rd period - Shot by Brad Marchand.
14:50 of 3rd period - Shot Misses the Net.
14:52 of 3rd period - Shot by Victor Hedman.
14:52 of 3rd period - Goal by Victor Hedman - BOSTON Bruins : 5 - WINNIPEG Jets : 3.
14:53 of 3rd period - Logan Couture wins face-off versus Tomas Hertl in neutral zone.
15:05 of 3rd period - Icing by Jaycob Megna.
15:06 of 3rd period - Nick Suzuki wins face-off versus Tomas Hertl in BOSTON Bruins zone.
15:06 of 3rd period - Nick Suzuki is hit by Jaycob Megna.
15:10 of 3rd period - Shot by Nick Suzuki.
15:10 of 3rd period - Shot Misses the Net.
15:12 of 3rd period - Shot by Mathew Barzal.
15:12 of 3rd period - Shot Misses the Net.
15:55 of 3rd period - Off-side.
15:56 of 3rd period - Joel Eriksson Ek wins face-off versus Logan Couture in neutral zone.
15:56 of 3rd period - Joel Eriksson Ek is hit by Logan Couture.
15:59 of 3rd period - Shea Theodore is hit by Miro Heiskanen and loses puck.
16:36 of 3rd period - Shot by Logan Couture.
16:36 of 3rd period - Stopped by Tristan Jarry without a rebound.
16:37 of 3rd period - Radek Faksa wins face-off versus Bo Horvat in BOSTON Bruins zone.
17:13 of 3rd period - Radek Faksa is hit by Brad Marchand and loses puck.
17:19 of 3rd period - Trevor van Riemsdyk is hit by Adrian Kempe and loses puck.
17:48 of 3rd period - Shot by Nick Suzuki.
17:48 of 3rd period - Shot Misses the Net.
18:39 of 3rd period - Shot by Joel Eriksson Ek.
18:39 of 3rd period - Stopped by Jeremy Swayman without a rebound.
18:40 of 3rd period - Logan Couture wins face-off versus Tomas Hertl in WINNIPEG Jets zone.
18:52 of 3rd period - Minor Penalty to Clayton Keller for Holding.
18:53 of 3rd period - Tomas Hertl wins face-off versus Nick Suzuki in WINNIPEG Jets zone.
19:02 of 3rd period - Shot by Victor Hedman.
19:02 of 3rd period - Shot Blocked by Trevor van Riemsdyk.
19:10 of 3rd period - Shot by Kirill Kaprizov.
19:10 of 3rd period - Shot Misses the Net.
19:12 of 3rd period - Shot by Joel Eriksson Ek.
19:12 of 3rd period - Deflect By Frank Vatrano.
19:12 of 3rd period - Goal by Frank Vatrano - BOSTON Bruins : 6 - WINNIPEG Jets : 3.
19:13 of 3rd period - Adam Lowry wins face-off versus Logan Couture in neutral zone.
19:13 of 3rd period - Jaycob Megna is hit by Troy Terry and loses puck.
19:20 of 3rd period - Tim Stutzle is hit by Michael Pezzetta and loses puck.
19:32 of 3rd period - Troy Terry is hit by Jaycob Megna and loses puck.
19:41 of 3rd period - Shot by Logan Couture.
19:41 of 3rd period - Shot Blocked by Michael Pezzetta.
19:49 of 3rd period - Jaycob Megna is hit by Tim Stutzle and loses puck.
Goals for this period are 2 for BOSTON Bruins vs 1 for WINNIPEG Jets.
Shots for this period are 12 for BOSTON Bruins vs 6 for WINNIPEG Jets. Output by the SimonT Hockey Simulator (STHS) for Martin Benoit - Original Page W3C HTML5 Valid
Hockey Simulator - Hockey Simulation - Hockey Manager